 Dungeon Crawl Stone Soup version 0.17.2-1-ge4368a0 (webtiles) character file.

44 Goblin1989 the Cutter (level 3, 0/18 HPs)
             Began as a Vine Stalker Gladiator on July 19, 2018.
             Succumbed to an adder's poison
             ... on level 2 of the Dungeon.
             The game lasted 00:02:52 (720 turns).

Goblin1989 the Cutter (Vine Stalker Gladiator)       Turns: 720, Time: 00:02:52

Health: 0/18       AC:  4    Str: 17    XL:     3   Next: 60%
Magic:  2/4        EV: 12    Int:  8    God:
Gold:   42         SH:  0    Dex: 15    Spells: 0 memorised, 2 levels left

rFire  + . .     SeeInvis .     a - +0 rapier
rCold  + . .     Clarity  .     b - +0 leather armour
rNeg   . . .     SustAt   +     (no shield)
rPois  +         Gourm    .     c - +0 helmet
rElec  +         Spirit   +     (no cloak)
rCorr  +         Warding  .     (no gloves)
rMut   .         Stasis   .     (no boots)
MR     .....                    (no amulet)
Stlth  ++........               (no ring)
                                f - ring of sustain attributes

@: lethally poisoned (0 -> -1), resistant, hasted, very quick, not resistant to
hostile enchantments, unstealthy
A: fangs 2, regeneration 1, magic shield, antimagic bite, no device heal 3, rot
immunity
a: no special abilities


You were on level 2 of the Dungeon.
You were not hungry.

You visited 1 branch of the dungeon, and saw 2 of its levels.

You collected 42 gold pieces.

Inventory:

Hand Weapons
 a - a +0 rapier (weapon)
Missiles
 Z - 2 throwing nets (quivered) {!d, =f}
Armour
 b - a +0 leather armour (worn)
 c - a +0 helmet (worn)
Jewellery
 f - a ring of sustain attributes (left hand)
Scrolls
 d - a scroll of immolation {unknown}
 h - a scroll of random uselessness {unknown}
 j - 2 scrolls of identify {unknown}
Comestibles
 e - a bread ration {@e1}


   Skills:
 - Level 1.7 Fighting
 * Level 3.9 Short Blades
 - Level 1.7 Throwing
 - Level 2.4 Dodging
 + Level 1.0 Stealth


You had 2 spell levels left.
You didn't know any spells.

Dungeon Overview and Level Annotations

Branches:
Dungeon (2/15)

Altars:


Innate Abilities, Weirdness & Mutations

You have extremely sharp teeth.
Your natural rate of healing is unusually fast.
When hurt, damage is shared between your health and your magic reserves.
Your bite disrupts and absorbs the magic of your enemies.
Potions and wands cannot restore your health.
You are immune to rotting.


Message History

You are poisoned.
The adder poisons you!
A goblin comes into view. It is wielding a club.
You take 4 damage, and have 14/18 hp.
O_OOPS!!
MASSIVE DAMAGE!!
You now have 3/4 mp.
You feel sick. The adder bites you.
You are more poisoned.
The adder poisons you!
The kobold throws a stone.
The stone closely misses you.
You see here a stone.
You take 4 damage, and have 10/18 hp.
O_OOPS!!
MASSIVE DAMAGE!!
You now have 2/4 mp.
You feel sick.
You take 1 damage, and have 9/18 hp.
You miss the adder.
You feel sick. The adder barely misses you.
You take 1 damage, and have 8/18 hp.
The goblin shouts!
You hit the adder. You bite the adder. You drain its power.
You feel invigorated.
The adder is heavily wounded.
The adder bites you but does no damage. The adder closely misses you.
MP restored: 4 You miss the adder.
Your bite misses the adder.
The adder is heavily wounded.
You feel sick. The adder misses you.
You take 1 damage, and have 8/18 hp.
You hit the adder.
The adder is severely wounded.
You feel sick. The adder bites you.
* * * LOW HITPOINT WARNING * * *
A quokka comes into view.
You take 4 damage, and have 4/18 hp.
O_OOPS!!
MASSIVE DAMAGE!!
You now have 3/4 mp.
Firing (i - inventory. (,) - cycle): Nothing suitable (ignored '=f'-inscribed item on 'Z').
Press: ? - help, Shift-Dir - straight line, f - adder
Aim: an adder (severely wounded)
Okay, then.
Quiver which item? (- for none, * to show all) (? for menu, Esc to quit)
You don't have any such object.
Quiver which item? (- for none, * to show all) (? for menu, Esc to quit)
Okay, then.
Quiver which item? (- for none, * to show all) (? for menu, Esc to quit)
Quivering
Z - 3 throwing nets {!d, =f} for throwing.
Throwing (i - inventory):
Z - 3 throwing nets (quivered)
{!d, =f}
Press: ? - help, Shift-Dir - straight line, f/p - adder
Aim: an adder (severely wounded)
You throw a throwing net {!d, =f}.
The throwing net {!d, =f} barely misses the adder.
The throwing net {!d, =f} hits the kobold.
The kobold is caught in the net!
The adder bites you but does no damage.
The kobold struggles against the net.
You miss the adder.
The adder is severely wounded.
You feel sick. The adder bites you but does no damage.
The kobold struggles to escape the net.
The adder bites you but does no damage.
You barely miss the adder.
The adder is severely wounded.
The adder bites you but does no damage.
The kobold struggles against the net.
You closely miss the adder.
The adder is severely wounded.
You feel sick. The adder bites you but does no damage.
The kobold struggles against the net.
You take 1 damage, and have 3/18 hp.
You closely miss the adder. You bite the adder, but do no damage.
The adder is severely wounded.
The adder barely misses you. The adder bites you but does no damage.
You completely miss the adder. You bite the adder, but do no damage.
The adder is severely wounded.
You feel sick.
The kobold struggles against the net.
The adder bites you but does no damage.
You puncture the adder!
You kill the adder!
Your Stealth skill increases to level 1!
The kobold struggles to escape the net.
The goblin hits you but does no damage.
The kobold struggles against the net.
MP restored: 4 The kobold struggles against the net.
You feel sick.
You take 1 damage, and have 2/18 hp.
You feel sick.
You take 1 damage, and have 2/18 hp.
There is a stone staircase leading down here.
The goblin hits you but does no damage.
You hit the quokka but do no damage.
You feel sick.
The quokka bites you but does no damage.
You take 1 damage, and have 2/18 hp.
You completely miss the quokka. The quokka bites you.
* * * LOW HITPOINT WARNING * * *
You take 1 damage, and have 1/18 hp.
You now have 2/4 mp.
You hit the quokka. You bite the quokka, but do no damage.
The quokka is heavily wounded.
The quokka bites you.
* * * LOW HITPOINT WARNING * * *
Unknown command.
Drink which item? (? for menu, Esc to quit)
It was a potion of resistance.
You feel protected. The quokka barely misses you.
Drink which item? (? for menu, Esc to quit)
It was a potion of haste.
You feel yourself speed up.
You die...

█....██..(....
██.█..).......(
█..............
█.........██...
█.........██...
█.........██...
██.....█████...
███ ███.███ █...
█@█ █.███████...
█r█████..........
█gK..†..^(.....█
█..............█8
█................
█......██.....█.
██.....██?....█
███....((....█
██████.....█


You could see a quokka, a goblin and a kobold.

Vanquished Creatures
  An adder (D:2)
  An ooze (D:1)
  A giant gecko (D:1)
  3 bats (D:1)
  3 giant cockroaches (D:1)
  4 hobgoblins (D:1)
  A giant newt (D:1)
  5 goblins (D:1)
  6 kobolds
  4 rats
29 creatures vanquished.

Notes
Turn   | Place    | Note
--------------------------------------------------------------
     0 | D:1      | Goblin1989 the Vine Stalker Gladiator began the quest for the Orb.
     0 | D:1      | Reached XP level 1. HP: 11/11 MP: 2/2
    38 | D:1      | Reached skill level 3 in Short Blades
    53 | D:1      | Reached XP level 2. HP: 15/15 MP: 3/3
   274 | D:1      | Reached XP level 3. HP: 18/18 MP: 4/4
   707 | D:2      | Reached skill level 1 in Stealth
   720 | D:2      | Succumbed to an adder's poison

Action                   || total
-------------------------++-------
Melee: Rapier            ||    83
Throw: Throwing net      ||     1
  Use: Potion            ||     2
 Stab: Distracted        ||     1

Vault maps used:
D:1:      dpeg_arrival_renting
D:2:      lemuel_round_altar, st_stairs_6, minivault_25, dk_xom_monty_hall
